MLB
NEW YORK METS @ ATLANTA BRAVES
06/18/2019
 
TOP OF THE 1ST
New York Mets batting - Pitching for Atlanta Braves : RHP Robert Stephenson
Pitching: RHP Robert Stephenson
Batting: LHB Travis Shaw 0-0: Called Strike
0-1: Swinging Strike
0-2: Ball
1-2: Ball
2-2: Strikes out swinging
Batting: RHB Nick Ahmed 0-0: Ball
1-0: DOUBLE (Line Drive, 7LS, EV 91.9 MPH)
Batting: LHB Eddie Rosario 0-0: Called Strike
0-1: Ball
1-1: Ball
2-1: 2-RUN HOME RUN (Line Drive, 89XD, EV 105.0 MPH), Distance : 424 ft
Batting: RHB Salvador Perez 0-0: Fly out, F7 (Flyball, 7, EV 80.0 MPH)
Batting: SHB Ian Happ 0-0: Called Strike
0-1: Ball
1-1: Fly out, F7 (Flyball, 7LM, EV 74.4 MPH)
Top of the 1st over - 2 runs, 2 hits, 0 errors, 0 left on base; New York 2 - Atlanta 0
BOTTOM OF THE 1ST
Atlanta Braves batting - Pitching for New York Mets : LHP Eduardo Rodriguez
Pitching: LHP Eduardo Rodriguez
Batting: LHB Mallex Smith 0-0: Ball
1-0: Foul Ball, location: 2F
1-1: Called Strike
1-2: Foul Ball, location: 2F
1-2: Ball
2-2: Ball
3-2: Fly out, F7 (Line Drive, 7D, EV 94.4 MPH)
Batting: RHB Domingo Santana 0-0: Called Strike
0-1: Ball
1-1: Ball
2-1: Swinging Strike
2-2: Strikes out swinging
Batting: RHB Miguel Sano 0-0: Called Strike
0-1: Foul Ball, location: 2F
0-2: Strikes out swinging
Bottom of the 1st over - 0 runs, 0 hits, 0 errors, 0 left on base; New York 2 - Atlanta 0
TOP OF THE 2ND
New York Mets batting - Pitching for Atlanta Braves : RHP Robert Stephenson
Batting: RHB Ronny Rodriguez 0-0: Called Strike
0-1: Ball
1-1: Called Strike
1-2: DOUBLE (Line Drive, 89M, EV 90.0 MPH)
Batting: LHB Scott Schebler 0-0: Foul Ball, location: 2F
0-1: Ball
1-1: Ball
2-1: Ball
3-1: Base on Balls
Batting: SHB Jonathan Villar 0-0: Ball
1-0: Foul Ball, location: 2F
1-1: Ball
2-1: Foul Ball, location: 2F
2-2: Ball
3-2: Strikes out swinging
Batting: LHB Eduardo Rodriguez 0-0: Bunt - Flyout to 15! F1
Batting: LHB Travis Shaw 0-0: Called Strike
0-1: Ball
1-1: Ground out 4-3 (Groundball, 34, EV 90.0 MPH)
Top of the 2nd over - 0 runs, 1 hit, 0 errors, 2 left on base; New York 2 - Atlanta 0
BOTTOM OF THE 2ND
Atlanta Braves batting - Pitching for New York Mets : LHP Eduardo Rodriguez
Batting: RHB Ian Desmond 0-0: Ball
1-0: Ball
2-0: Called Strike
2-1: Foul Ball, location: 2F
2-2: Ball
3-2: Foul Ball, location: 2F
3-2: Strikes out looking
Batting: LHB Ben Gamel 0-0: Called Strike
0-1: Ball
1-1: Called Strike
1-2: Strikes out swinging
Batting: RHB Adeiny Hechavarria 0-0: Swinging Strike
0-1: Foul Ball, location: 2F
0-2: Ball
1-2: Ball
2-2: Ball
3-2: Base on Balls
Batting: RHB John Ryan Murphy 0-0: Ball
1-0: Foul Ball, location: 2F
1-1: Fielders Choice at 2nd, 5-4 (Groundball, 56, EV 81.3 MPH)
Bottom of the 2nd over - 0 runs, 0 hits, 0 errors, 1 left on base; New York 2 - Atlanta 0
TOP OF THE 3RD
New York Mets batting - Pitching for Atlanta Braves : RHP Robert Stephenson
Batting: RHB Nick Ahmed 0-0: Ball
1-0: Called Strike
1-1: Ball
2-1: Ball
3-1: Base on Balls
Batting: LHB Eddie Rosario 0-0: Fly out, F9 (Flyball, 9D, EV 95.6 MPH)
Batting: RHB Salvador Perez 0-0: Ball
1-0: Swinging Strike
1-1: Foul Ball, location: 2F
1-2: Foul Ball, location: 2F
1-2: Ball
2-2: Fly out, F7 (Flyball, 7LSF, EV 82.5 MPH)
Batting: SHB Ian Happ 0-0: Called Strike
0-1: Ball
1-1: Called Strike
1-2: Ball
2-2: Ground out 4-3 (Groundball, 4, EV 100.0 MPH)
Top of the 3rd over - 0 runs, 0 hits, 0 errors, 1 left on base; New York 2 - Atlanta 0
BOTTOM OF THE 3RD
Atlanta Braves batting - Pitching for New York Mets : LHP Eduardo Rodriguez
Batting: RHB Pat Valaika 0-0: Ball
1-0: Ball
2-0: Fly out, F9 (Flyball, 89D, EV 105.0 MPH)
Batting: RHB Robert Stephenson 0-0: Foul Ball, location: 2F
0-1: SINGLE (Line Drive, 8RS, EV 98.8 MPH)
Batting: LHB Mallex Smith 0-0: Grounds into double play, 4-6-3 (Groundball, 4, EV 105.6 MPH)
Bottom of the 3rd over - 0 runs, 1 hit, 0 errors, 0 left on base; New York 2 - Atlanta 0
TOP OF THE 4TH
New York Mets batting - Pitching for Atlanta Braves : RHP Robert Stephenson
Batting: RHB Ronny Rodriguez 0-0: Ball
1-0: Ground out U3 (Groundball, 3, EV 82.5 MPH)
Batting: LHB Scott Schebler 0-0: SINGLE (Groundball, 4M, EV 101.3 MPH) (infield hit)
Batting: SHB Jonathan Villar 0-0: Swinging Strike
0-1: Ball
1-1: Called Strike
1-2: Ball
2-2: Strikes out looking
Batting: LHB Eduardo Rodriguez 0-0: Ball
1-0: Ground out 4-3 (Groundball, 4, EV 108.8 MPH)
Top of the 4th over - 0 runs, 1 hit, 0 errors, 1 left on base; New York 2 - Atlanta 0
BOTTOM OF THE 4TH
Atlanta Braves batting - Pitching for New York Mets : LHP Eduardo Rodriguez
Batting: RHB Domingo Santana 0-0: Ball
1-0: Foul Ball, location: 2F
1-1: Ball
2-1: Swinging Strike
2-2: Ball
3-2: Base on Balls
Batting: RHB Miguel Sano 0-0: Fly out, F8 (Flyball, 78M, EV 91.9 MPH)
Batting: RHB Ian Desmond 0-0: Called Strike
0-1: Called Strike
0-2: Ball
1-2: Strikes out swinging
Batting: LHB Ben Gamel 0-0: Swinging Strike
0-1: Ball
1-1: Called Strike
1-2: Strikes out swinging
Bottom of the 4th over - 0 runs, 0 hits, 0 errors, 1 left on base; New York 2 - Atlanta 0
TOP OF THE 5TH
New York Mets batting - Pitching for Atlanta Braves : RHP Robert Stephenson
Batting: LHB Travis Shaw 0-0: Called Strike
0-1: Foul Ball, location: 2F
0-2: Ball
1-2: Foul Ball, location: 2F
1-2: Ball
2-2: Foul Ball, location: 2F
2-2: Strikes out looking
Batting: RHB Nick Ahmed 0-0: Ball
1-0: Swinging Strike
1-1: Called Strike
1-2: Strikes out swinging
Batting: LHB Eddie Rosario 0-0: Ball
1-0: Swinging Strike
1-1: Ball
2-1: Ground out 4-3 (Groundball, 4, EV 80.6 MPH)
Top of the 5th over - 0 runs, 0 hits, 0 errors, 0 left on base; New York 2 - Atlanta 0
BOTTOM OF THE 5TH
Atlanta Braves batting - Pitching for New York Mets : LHP Eduardo Rodriguez
Batting: RHB Adeiny Hechavarria 0-0: Ball
1-0: Called Strike
1-1: Called Strike
1-2: Foul Ball, location: 2F
1-2: Ball
2-2: Ball
3-2: Base on Balls
Batting: RHB John Ryan Murphy 0-0: Foul Ball, location: 2F
0-1: Swinging Strike
0-2: Grounds into double play, 6-4-3 (Groundball, 6, EV 80.6 MPH)
Batting: RHB Pat Valaika 0-0: Swinging Strike
0-1: Foul Ball, location: 2F
0-2: Ball
1-2: Strikes out looking
Bottom of the 5th over - 0 runs, 0 hits, 0 errors, 0 left on base; New York 2 - Atlanta 0
TOP OF THE 6TH
New York Mets batting - Pitching for Atlanta Braves : RHP Robert Stephenson
Batting: RHB Salvador Perez 0-0: Called Strike
0-1: Ball
1-1: Ball
2-1: Foul Ball, location: 2F
2-2: Ball
3-2: Strikes out swinging
Batting: SHB Ian Happ 0-0: Called Strike
0-1: Ball
1-1: Ball
2-1: Ball
3-1: Foul Ball, location: 2F
3-2: SOLO HOME RUN (Flyball, 9LD, EV 95.6 MPH), Distance : 337 ft
Batting: RHB Ronny Rodriguez 0-0: Ball
1-0: Called Strike
1-1: Ball
2-1: Bunt for hit to 15S - play at first, batter OUT! 1-3
Batting: LHB Scott Schebler 0-0: Foul Ball, location: 2F
0-1: Fly out, F9 (Flyball, 89D, EV 93.8 MPH)
Top of the 6th over - 1 run, 1 hit, 0 errors, 0 left on base; New York 3 - Atlanta 0
BOTTOM OF THE 6TH
Atlanta Braves batting - Pitching for New York Mets : LHP Eduardo Rodriguez
Pinch Hitting: RHB Matt Davidson 0-0: Called Strike
0-1: Called Strike
0-2: Ball
1-2: Foul Ball, location: 2F
1-2: Ground out 4-3 (Groundball, 4, EV 83.8 MPH)
Batting: LHB Mallex Smith 0-0: Ball
1-0: Called Strike
1-1: Ground out 4-3 (Groundball, 4, EV 88.8 MPH)
Batting: RHB Domingo Santana 0-0: Ball
1-0: Called Strike
1-1: Ball
2-1: Ball
3-1: Foul Ball, location: 2F
3-2: Foul Ball, location: 2F
3-2: Strikes out looking
Bottom of the 6th over - 0 runs, 0 hits, 0 errors, 0 left on base; New York 3 - Atlanta 0
TOP OF THE 7TH
New York Mets batting - Pitching for Atlanta Braves : RHP Robert Stephenson
Pitching: RHP Frankie Montas
Batting: SHB Jonathan Villar 0-0: Ball
1-0: Ball
2-0: Fly out, F8 (Flyball, 78M, EV 90.0 MPH)
Batting: LHB Eduardo Rodriguez 0-0: Called Strike
0-1: Ball
1-1: SINGLE (Line Drive, 7S, EV 98.1 MPH)
Batting: LHB Travis Shaw 0-0: Foul Ball, location: 2F
0-1: Foul Ball, location: 2F
0-2: Grounds into double play, 4-6-3 (Groundball, 4, EV 88.8 MPH)
Top of the 7th over - 0 runs, 1 hit, 0 errors, 0 left on base; New York 3 - Atlanta 0
BOTTOM OF THE 7TH
Atlanta Braves batting - Pitching for New York Mets : LHP Eduardo Rodriguez
Batting: RHB Miguel Sano 0-0: Called Strike
0-1: Ball
1-1: Called Strike
1-2: Strikes out looking
Pitching: RHP Ian Hamilton
Batting: RHB Ian Desmond 0-0: Ball
1-0: Called Strike
1-1: Swinging Strike
1-2: Strikes out looking
Batting: LHB Ben Gamel 0-0: Ball
1-0: Foul Ball, location: 2F
1-1: Ground out U3 (Groundball, 3, EV 83.8 MPH)
Bottom of the 7th over - 0 runs, 0 hits, 0 errors, 0 left on base; New York 3 - Atlanta 0
TOP OF THE 8TH
New York Mets batting - Pitching for Atlanta Braves : RHP Frankie Montas
Batting: RHB Nick Ahmed 0-0: Ground out 6-3 (Groundball, 6, EV 106.3 MPH)
Batting: LHB Eddie Rosario 0-0: Foul Ball, location: 2F
0-1: Ball
1-1: Swinging Strike
1-2: DOUBLE (Line Drive, 89D, EV 110.0 MPH)
Batting: RHB Salvador Perez 0-0: Foul Ball, location: 2F
0-1: DOUBLE (Groundball, 5L, EV 97.5 MPH)
Eddie Rosario scores
Batting: SHB Ian Happ 0-0: Fly out, F7 (Line Drive, 7D, EV 94.4 MPH)
Batting: RHB Ronny Rodriguez 0-0: Ball
1-0: Fly out, F8 (Flyball, 89D, EV 108.8 MPH)
Top of the 8th over - 1 run, 2 hits, 0 errors, 1 left on base; New York 4 - Atlanta 0
BOTTOM OF THE 8TH
Atlanta Braves batting - Pitching for New York Mets : RHP Ian Hamilton
Batting: RHB Adeiny Hechavarria 0-0: Called Strike
0-1: Foul Ball, location: 2F
0-2: Fly out, F7 (Flyball, 7S, EV 85.6 MPH)
Batting: RHB John Ryan Murphy 0-0: Ball
1-0: Called Strike
1-1: Foul Ball, location: 2F
1-2: Foul Ball, location: 2F
1-2: Ball
2-2: Ball
3-2: Foul Ball, location: 2F
3-2: Strikes out looking
Batting: RHB Pat Valaika 0-0: Ground out 6-3 (Groundball, 6, EV 88.8 MPH)
Bottom of the 8th over - 0 runs, 0 hits, 0 errors, 0 left on base; New York 4 - Atlanta 0
TOP OF THE 9TH
New York Mets batting - Pitching for Atlanta Braves : RHP Frankie Montas
Pitching: RHP Matt Wisler
Batting: LHB Scott Schebler 0-0: Ball
1-0: Ball
2-0: Called Strike
2-1: Foul Ball, location: 2F
2-2: Foul Ball, location: 2F
2-2: Ground out 4-3 (Groundball, 34D, EV 104.4 MPH)
Batting: SHB Jonathan Villar 0-0: Called Strike
0-1: Called Strike
0-2: Strikes out swinging
Pinch Hitting: LHB Gerardo Parra 0-0: Called Strike
0-1: Ball
1-1: Called Strike
1-2: Strikes out swinging
Top of the 9th over - 0 runs, 0 hits, 0 errors, 0 left on base; New York 4 - Atlanta 0
BOTTOM OF THE 9TH
Atlanta Braves batting - Pitching for New York Mets : RHP Ian Hamilton
Pitching: RHP Josh Fields
Pinch Hitting: SHB Robbie Grossman 0-0: Ball
1-0: Foul Ball, location: 2F
1-1: Foul Ball, location: 2F
1-2: Foul Ball, location: 2F
1-2: Strikes out swinging
Batting: LHB Mallex Smith 0-0: Ball
1-0: Ground out 5-3 (Groundball, 5, EV 86.9 MPH)
Batting: RHB Domingo Santana 0-0: Called Strike
0-1: Ball
1-1: Ball
2-1: Ball
3-1: SINGLE (Groundball, 6MD, EV 106.9 MPH)
Batting: RHB Miguel Sano 0-0: Called Strike
0-1: DOUBLE (Flyball, 8RXD, EV 97.5 MPH)
Domingo Santana to third
Pitching: RHP Nick Wittgren
Batting: RHB Ian Desmond 0-0: Called Strike
0-1: Ball
1-1: Fly out, F4 (Popup, 3S, EV 81.9 MPH)
Bottom of the 9th over - 0 runs, 2 hits, 0 errors, 2 left on base; New York 4 - Atlanta 0
Friday, September 20th, 2019 - OOTP Baseball 20.6 Build 55